 Dungeon Crawl Stone Soup version 0.23.2-30-g0e89c35649 (webtiles) character file.

Game seed: 4657351626209346936

5127 MalarOregon the Grappler (level 10, 0/89 (90) HPs)
             Began as a Ghoul Warper on June 16, 2019.
             Was a Follower of Makhleb.
             Killed from afar by Psyche (9 damage)
             ... with a magic dart
             ... while paralysed by Psyche
             ... on level 9 of the Dungeon on June 17, 2019.
             The game lasted 00:30:36 (12811 turns).

MalarOregon the Grappler (Ghoul Warper)            Turns: 12811, Time: 00:30:37

HP:   0/89 (90)     AC: 10    Str: 16    XL:     10   Next: 58%
MP:   19/19         EV:  2    Int: 16    God:    Makhleb [*.....]
Gold: 285           SH:  0    Dex:  8    Spells: 13/22 levels left

rFire    . . .     SeeInvis .     - Unarmed
rCold    + . .     Gourm    .   (no shield)
rNeg     + + +     Faith    .   g - +1 leather armour {MR+}
rPois    ∞         Spirit   .   o - +0 helmet
rElec    .         Reflect  .   k - +0 cloak
rCorr    .         Harm     .   x - +0 pair of gloves
MR       +....                  r - +2 pair of boots of the Assassin {Detection Stab+ Stlth++}
Stlth    ++++......             (no amulet)
HPRegen  0.00/turn              h - +5 ring of intelligence
MPRegen  0.16/turn              J - ring of stealth

@: paralysed, very slightly contaminated, rotting, invisible
A: rotting body, claws 1, carnivore, cold resistance 1, negative energy
resistance 3, inhibited regeneration, torment resistance, unbreathing
a: Renounce Religion


You were on level 9 of the Dungeon.
You worshipped Makhleb.
Makhleb was aware of your devotion.
You were not hungry.

You visited 2 branches of the dungeon, and saw 11 of its levels.
You also visited: Ossuary.

You collected 545 gold pieces.
You spent 260 gold pieces at shops.

Inventory:

Hand Weapons
 w - the cursed +2 war axe "Houfa" {chop, rF+, unknown}
   (You found it on level 5 of the Dungeon)

   It inflicts extra damage upon your enemies.
   It protects you from fire.
   It has a curse placed upon it.
 M - the +9 quarterstaff "Pueph" {crush, rPois Dex+5, unknown}
   (You found it on level 10 of the Dungeon)

   It inflicts extra damage upon your enemies.
   It affects your dexterity (+5).
   It protects you from poison.
Missiles
 d - 5 tomahawks of dispersal {!f}
 m - 4 poisoned tomahawks
 I - 5 tomahawks (quivered)
Armour
 g - a +1 leather armour of magic resistance (worn)
   (You found it on level 2 of the Dungeon)
 k - a +0 cloak (worn)
   (You found it on level 2 of the Dungeon)
 o - a +0 helmet (worn)
   (You found it on level 1 of the Dungeon)
 r - the +2 pair of boots of the Assassin (worn) {Detection Stab+ Stlth++}
   (You acquired it on level 9 of the Dungeon)

   It makes you much more stealthy.
 x - a +0 pair of gloves (worn)
   (You found it on level 5 of the Dungeon)
 G - a scarf of cloud immunity
   (You found it on level 7 of the Dungeon)
Magical Staves
 H - an uncursed staff of poison
   (You found it on level 9 of the Dungeon)
Jewellery
 f - an uncursed amulet of rage {unknown}
   (You found it on level 8 of the Dungeon)
 h - a +5 ring of intelligence (left hand)
   (You found it on level 2 of the Dungeon)
 l - an uncursed ring of protection from magic
   (You found it on level 8 of the Dungeon)
 q - a cursed amulet of inaccuracy {unknown}
   (You found it on level 3 of the Dungeon)
 J - a ring of stealth (right hand)
   (You found it on level 9 of the Dungeon)
 L - an uncursed ring of resist corrosion
   (You found it on level 9 of the Dungeon)
Wands
 c - a wand of disintegration (7)
   (You found it on level 7 of the Dungeon)
 t - a wand of flame (30)
   (You found it on level 9 of the Dungeon)
Scrolls
 i - 7 scrolls of teleportation {@r4}
 n - 4 scrolls of remove curse {@r2}
 v - 2 scrolls of enchant armour
 y - 2 scrolls of immolation {!r}
 z - a scroll of blinking
 A - 4 scrolls of amnesia
 B - a scroll of fog
 D - a scroll of enchant weapon
Potions
 a - 7 potions of curing {@q1}
 b - a potion of heal wounds {@q2}
 j - 4 potions of might
 p - a potion of ambrosia
 s - 4 potions of flight
 u - a potion of brilliance
 C - a potion of cancellation
 E - 3 potions of haste {@q3}
 F - a potion of magic
Comestibles
 e - 14 rations {!d}
 K - 5 chunks of flesh


   Skills:
 + Level 8.7 Fighting
 - Level 0.8 Throwing
 - Level 0.8 Armour
 - Level 1.7 Dodging
 * Level 11.8 Unarmed Combat
 + Level 6.6 Spellcasting
 - Level 2.6 Translocations


You had 13 spell levels left.
You knew the following spells:

 Your Spells              Type           Power        Failure   Level  Hunger
a - Petrify               Tmut/Erth      #.......     83%         4    ####...
b - Blink                 Tloc           N/A          8%          2    None
q - Vampiric Draining     Necr           #.........   43%         3    ##.....

Your spell library contained the following spells:

 Spells                   Type           Power        Failure   Level  Hunger
 Shroud of Golubria       Chrm/Tloc      #.........   14%         2    None
 Animate Skeleton         Necr           N/A          16%         1    None
 Confusing Touch          Hex            #.....       16%         1    None
 Pain                     Necr           #...         16%         1    None
 Gell's Gravitas          Tloc           ##........   16%         3    ##.....
 Lesser Beckoning         Tloc           ##........   16%         3    ##.....
 Teleport Other           Tloc           ##......     16%         3    ##.....
 Confuse                  Hex            #.......     43%         3    ##.....
 Regeneration             Chrm/Necr      #.........   43%         3    ##.....
 Passage of Golubria      Tloc           N/A          45%         4    ####...
 Animate Dead             Necr           N/A          83%         4    ####...
 Metabolic Englaciation   Hex/Ice        #.........   99%         5    #####..
 Yara's Violent Unravell  Hex/Tmut       #.........   99%         5    #####..


Dungeon Overview and Level Annotations

Branches:
Dungeon (10/15)            Temple (1/1) D:7            Lair (0/6) D:8
    Orc: D:9-12

Altars:
Ashenzari
Cheibriados
Dithmenos
Elyvilon
Fedhas
Gozag
Hepliaklqana
Kikubaaqudgha
Makhleb
Nemelex Xobeh
Okawaru
Qazlal
Ru
Sif Muna
Trog
Uskayaw
Vehumet
Wu Jian
Xom
Yredelemnul
Zin
The Shining One
Beogh

Shops:
D:5 !

Annotations:
D:5 1 runed translucent door, Grendash's ghost, novice DDFi
D:7 3 runed translucent doors, Zanta616's ghost, journeyman TeCj
D:9 Psyche


Innate Abilities, Weirdness & Mutations

Your body is rotting away.
You thrive on raw meat.
You are immune to poison.
You have sharp fingernails.
You are carnivorous and can eat meat at any time.
Your flesh is cold resistant. (rC+)
You are immune to negative energy. (rN+++)
You do not regenerate when monsters are visible.
You are immune to unholy pain and torment.
You can survive without breathing.


Message History

Psyche cries, "I hate blood and violence."
Psyche gestures wildly while chanting.
Psyche seems to speed up.
Psyche casts a spell at you. The puff of frost hits you. You resist.
Psyche laughs secretively.
Psyche points at you and mumbles some strange words.
The puff of frost hits you. You resist.
Psyche points at you and mumbles some strange words.
The puff of frost hits you but does no damage.
Psyche hits you but does no damage.
Psyche hits you with a +0 dagger of chaos.
Psyche burns you.
There is a stone staircase leading up here.
Psyche points at you and mumbles some strange words.
The magic dart hits you.
* * * LOW HITPOINT WARNING * * *
The two-headed ogre completely misses you.
The two-headed ogre hits you with a +0 giant club.
* * * LOW HITPOINT WARNING * * *
Psyche casts a cantrip, but nothing happens.
You climb upwards.
There is a stone staircase leading down here.
Unknown command.
Psyche hits you with a +0 dagger of chaos.
* * * LOW HITPOINT WARNING * * *
You convulse.
* * * LOW HITPOINT WARNING * * *
Psyche hits you with a +0 dagger of chaos.
* * * LOW HITPOINT WARNING * * *
Psyche hits you with a +0 dagger of chaos.
* * * LOW HITPOINT WARNING * * *
Psyche freezes you.
* * * LOW HITPOINT WARNING * * *
Psyche hits you but does no damage.
You suddenly lose the ability to move!
Psyche hits you with a +0 dagger of chaos.
* * * LOW HITPOINT WARNING * * *
Psyche burns you.
* * * LOW HITPOINT WARNING * * *
Psyche begins to cast a cantrip, but forgets the words!
Psyche hits you but does no damage.
You fade into invisibility!
You are very lightly contaminated with residual magic.
The two-headed ogre hits you with a +0 giant club.
* * * LOW HITPOINT WARNING * * *
The two-headed ogre hits you with a +0 giant club!
* * * LOW HITPOINT WARNING * * *
Psyche casts a spell at you. The magic dart hits you!
You die...

........#>.#..##.....## #.#.
.............###.###..## #.#.
..............##.####..#######...
#...........#..............#.....
.............###.#######.........
#.<.....................####>....
....................###.## #.....
....................# #..# #.....
#..............@@...# ##.###.....
##..(.....#.....O...# #.........
#...................# #######.#.
#............>...!..# #...
....................# ##..
#...................# ##.
#...................# ##
##........########### #
###......##


You could see a two-headed ogre and Psyche.

Vanquished Creatures
  A hippogriff (D:8)
  Menkaure (D:6)
  2 porcupines (D:8)
  3 ice beasts
  A sky beast (D:8)
  3 phantoms
  2 orc warriors
  3 black bears
  2 ogres (D:8)
  3 centaurs
  2 crocodiles
  4 bullfrogs
  A water moccasin zombie (D:7)
  2 wyvern skeletons
  A scorpion (D:5)
  12 killer bees
  4 wights (D:6)
  2 howler monkeys
  5 crimson imps
  A centaur zombie (D:7)
  A quasit (D:6)
  6 hounds
  2 bullfrog zombies
  7 orc wizards
  6 orc priests
  A centaur skeleton (D:6)
  A jelly (D:8)
  A bullfrog skeleton (D:9)
  11 worker ants
  An iguana (D:9)
  A killer bee zombie (D:7)
  A hound skeleton (D:9)
  12 mummies (Ossuary)
  A howler monkey skeleton (D:9)
  5 gnolls
  12 adders
  A shadow imp (D:9)
  2 oozes (D:7)
  2 adder zombies
  2 adder skeletons
  2 worms
  A dart slug (D:2)
  A leopard gecko (D:4)
  34 orcs
  5 giant cockroaches
  12 goblins
  13 hobgoblins
  8 jackals
  2 quokkas
  4 bats
  2 gnoll skeletons (Ossuary)
  4 goblin skeletons (Ossuary)
  8 kobolds
  2 kobold skeletons (Ossuary)
  A leopard gecko zombie (D:9)
  A quokka zombie (D:7)
  11 rats
  11 rat skeletons (Ossuary)
253 creatures vanquished.

Vanquished Creatures (others)
  26 fungi (D:8)
  15 plants (D:8)
41 creatures vanquished.

Grand Total: 294 creatures vanquished

Notes
Turn   | Place    | Note
-------+----------+-------------------------------------------
     0 | D:1      | MalarOregon the Ghoul Warper began the quest for the Orb.
     0 | D:1      | Reached XP level 1. HP: 17/17 MP: 2/2
    88 | D:2      | Found a sparkling altar of Nemelex Xobeh.
   125 | D:2      | Reached XP level 2. HP: 24/25 MP: 3/3
   217 | D:1      | Reached skill level 3 in Unarmed Combat
   295 | D:1      | Reached XP level 3. HP: 23/30 MP: 5/5
   486 | D:1      | Learned a level 2 spell: Blink
  1435 | D:2      | Reached XP level 4. HP: 37/37 MP: 6/6
  1639 | D:2      | Found a snail-covered altar of Cheibriados.
  2039 | D:2      | Reached skill level 4 in Unarmed Combat
  2130 | D:3      | Reached XP level 5. HP: 40/45 MP: 7/7
  2169 | D:3      | Found a stormy altar of Qazlal.
  3094 | D:4      | Reached XP level 6. HP: 51/52 MP: 9/9
  3099 | D:4      | Reached skill level 5 in Unarmed Combat
  3126 | D:4      | Found an ornate altar of the Wu Jian Council.
  3795 | D:5      | Entered Level 5 of the Dungeon
  3803 | D:5      | Got a faintly glowing war axe
  3813 | D:5      | Found a runed translucent door.
  3814 | D:5      | Noticed Grendash's ghost (novice DDFi)
  3822 | D:5      | Noticed a phantom
  3947 | D:5      | Reached XP level 7. HP: 59/60 MP: 9/11
  3997 | D:5      | Reached skill level 6 in Unarmed Combat
  4233 | D:5      | Reached skill level 5 in Fighting
  4233 | D:5      | Reached skill level 7 in Unarmed Combat
  4311 | D:5      | Reached XP level 8. HP: 63/68 MP: 13/13
  4443 | D:5      | Found a basalt altar of Yredelemnul.
  4524 | D:5      | Found Loygrug's Distillery.
  4531 | D:5      | Bought a potion of heal wounds for 65 gold pieces
  4531 | D:5      | Bought a potion of flight for 39 gold pieces
  4531 | D:5      | Bought a potion of might for 52 gold pieces
  4531 | D:5      | Bought a potion of ambrosia for 104 gold pieces
  5719 | D:6      | You fall through a shaft for 2 floors!
  5798 | D:8      | Reached skill level 8 in Unarmed Combat
  5967 | D:6      | Noticed Menkaure
  5974 | D:6      | Killed Menkaure
  6027 | D:6      | Found a sand-covered staircase.
  6032 | Ossuary  | Entered an ossuary
  6224 | Ossuary  | Reached XP level 9. HP: 33/77 MP: 15/15
  6518 | Ossuary  | Reached skill level 9 in Unarmed Combat
  6722 | D:6      | Reached skill level 5 in Spellcasting
  7023 | D:6      | Found an opulent altar of Gozag.
  7034 | D:6      | Learned a level 3 spell: Vampiric Draining
  7881 | D:7      | Noticed Zanta616's ghost (journeyman TeCj)
  7882 | D:7      | Found a runed translucent gate.
  7882 | D:7      | Found a runed translucent gate.
  7882 | D:7      | Found a runed translucent gate.
  7883 | D:7      | Found a roughly hewn altar of Beogh.
  7884 | D:7      | Identified the +7 chain mail of Lifelessness {rCorr}
  7951 | D:7      | Found an opulent altar of Gozag.
  7978 | D:7      | Found a staircase to the Ecumenical Temple.
  8844 | Temple   | Entered the Ecumenical Temple
  9201 | Temple   | Became a worshipper of Makhleb the Destroyer
  9302 | D:7      | Reached skill level 10 in Unarmed Combat
  9648 | D:8      | Found an ancient bone altar of Kikubaaqudgha.
 10465 | D:7      | Reached XP level 10. HP: 65/88 MP: 18/18
 10785 | D:8      | Reached skill level 11 in Unarmed Combat
 11116 | D:8      | Found a staircase to the Lair.
 11658 | D:8      | Reached * piety under Makhleb
 11774 | D:8      | Found a deep blue altar of Sif Muna.
 11781 | D:8      | Found a blossoming altar of Fedhas.
 11788 | D:8      | Found a stormy altar of Qazlal.
 11795 | D:8      | Found a white marble altar of Elyvilon.
 11802 | D:8      | Found a radiant altar of Vehumet.
 11809 | D:8      | Found a hazy altar of Hepliaklqana.
 11814 | D:8      | Found an ancient bone altar of Kikubaaqudgha.
 12018 | D:8      | Learned a level 4 spell: Petrify
 12217 | D:9      | Identified a scroll of acquirement
 12218 | D:9      | Found the +2 pair of boots of the Assassin {Detection Stab+
                  | Stlth++}
 12618 | D:10     | Entered Level 10 of the Dungeon
 12626 | D:10     | Got a transparent quarterstaff
 12783 | D:10     | Noticed a two-headed ogre
 12784 | D:10     | Noticed Psyche
 12809 | D:9      | Paralysed by Psyche for 4 turns
 12811 | D:9      | Killed from afar by Psyche

Skill      XL: |  1  2  3  4  5  6  7  8  9 10 |
---------------+-------------------------------+-----
Spellcasting   | 2 3 4 6 |  6.6
Unarmed Combat | 3 4 5 7 8 10 11 | 11.8
Fighting       | 3 4 5 6 7 8 |  8.7
Throwing       | |  0.8
Armour         | |  0.8
Dodging        | |  1.7
Translocations | |  2.6

Action                   |  1- 3 |  4- 6 |  7- 9 | 10-12 || total
-------------------------+-------+-------+-------+-------++-------
Melee: Unarmed           |   116 |   209 |   568 |   232 ||  1125
       Punch             |     2 |     8 |    21 |     4 ||    35
Throw: Tomahawk          |       |     1 |       |     5 ||     6
Evoke: Wand              |       |       |     4 |       ||     4
  Use: Scroll            |     7 |     4 |     8 |     2 ||    21
       Potion            |       |       |     1 |       ||     1
 Stab: Sleeping          |       |       |       |     8 ||     8
  Eat: Chunk             |     7 |    17 |    55 |    14 ||    93
       Ration            |       |       |     1 |       ||     1
Armor: Leather armour    |    28 |    38 |   156 |    79 ||   301
Dodge: Dodged            |    46 |    93 |   256 |   135 ||   530
